omghax, neutral male scurrid Tourist ... .@. g.. omghax the Rambler Experience level: 1 Strength: 14 Dexterity: 11 Constitution: 14 Intelligence: 12 Wisdom: 10 Charisma: 16 Health: 0(9) Energy: 2(2) Def: 0 Gold: 917 Moves: 52 Dungeon seed: Jhl8trHnAruua-nT Game ID: omghax_1498611993 Your Inventory: Coins $ - 917 gold pieces Weapons a - 45 uncursed +2 darts (in quiver) Armor e - an uncursed +0 Hawaiian shirt (being worn) Comestibles b - 7 uncursed food rations c - an uncursed tin of spinach d - an uncursed chestnut f - an uncursed egg g - an uncursed tripe ration h - an uncursed cream pie Scrolls k - a blessed scroll of magic mapping l - 3 uncursed scrolls of magic mapping Potions i - a blessed potion of extra healing j - an uncursed potion of extra healing Wands o - an uncursed wand of secret door detection (0:12) Tools m - an uncursed expensive camera (0:59) n - an uncursed credit card p - an uncursed towel Spells and supernatural/magical abilities: Name Level Category Fail Memory W - pray for help -- divine ? -- Your skills at the end: Miscellaneous Skills wands [Basic] Weapon Skills dart [Basic] Spellcasting Skills Final Attributes: You were devoutly aligned. You had infravision. You were very stealthy. You are dead. Vanquished creatures: a newt Voluntary challenges: You went without food. You did not adorn yourself with jewelry or accessories. You did not cause conflict. You were not invisible. You did not have reflection. You were not displaced. You were an atheist. You never hit with a wielded weapon. You were a pacifist. You did not use tools. You did not use plumbed fixtures. You did not drink any magical draughts. You were illiterate. You never genocided any monsters. You never polymorphed an object. You never changed form. You used no wishes. You never split a pudding. You never wrote Elbereth's name. You never violated your personal moral code. Dungeon overview: The Dungeons of Doom: levels 1 to 21 Level 1 a long staircase Level 2 Level 3 Level 4 Level 5 Level 6 Level 7 a long staircase Level 8 Level 9 Level 10 Level 11 Level 12 Level 13 Level 14 Level 15 Level 16 Level 17 Level 18 Level 19 a fountain Level 20 Level 21 <- You were here History has recorded: On T:1 you entered the Dungeons of Doom to retrieve the Amulet of Yendor! On T:4 you reached level 2 of The Dungeons of Doom. On T:7 you reached level 3 of The Dungeons of Doom. On T:9 you reached level 4 of The Dungeons of Doom. On T:11 you reached level 5 of The Dungeons of Doom. On T:13 you reached level 6 of The Dungeons of Doom. On T:16 you reached level 7 of The Dungeons of Doom. On T:18 you reached level 8 of The Dungeons of Doom. On T:20 you reached level 9 of The Dungeons of Doom. On T:22 you reached level 10 of The Dungeons of Doom. On T:26 you reached level 11 of The Dungeons of Doom. On T:28 you reached level 12 of The Dungeons of Doom. On T:31 you reached level 13 of The Dungeons of Doom. On T:33 you reached level 14 of The Dungeons of Doom. On T:35 you reached level 15 of The Dungeons of Doom. On T:37 you reached level 16 of The Dungeons of Doom. On T:40 you reached level 17 of The Dungeons of Doom. On T:42 you reached level 18 of The Dungeons of Doom. On T:42 you entered the Rogue tribute level. On T:44 you reached level 19 of The Dungeons of Doom. On T:48 you reached level 20 of The Dungeons of Doom. On T:50 you reached level 21 of The Dungeons of Doom. Score breakdown: Gold: 51 ( 5 points) Experience: 1 level ( 0 points) Exploration: 21 levels ( 600 points) Discoveries: 0 items ( 0 points) Variety of kills: 1 monster ( 50 points) Major goal: (nothing yet) ( 0 points) Survival: died (score multiplied by 3) Total score: 1965 Latest messages: You have no weapon equipped. You start digging downward. You continue digging downward. You dig a pit in the floor. You continue digging downward. You dig a hole through the floor. You fall through... You start digging downward. You continue digging downward. You dig a pit in the floor. You continue digging downward. You dig a hole through the floor. You fall through... The titan casts a spell! You feel that monsters are aware of your presence. You start digging downward. You continue digging downward. You dig a pit in the floor. The gremlin claws you! (2x) The gremlin bites! You die... Final status: Aloha omghax the Tourist, killed by a gremlin... You died in The Dungeons of Doom on dungeon level 21 with 1965 points, and 917 pieces of gold, after 52 moves. You were level 1 with a maximum of 9 hit points when you died.